 Dungeon Sprint DCSS version 0.27-a0-287-gd4424db430 (webtiles) character file.

Game seed: 11920843743483166286

6506 mhtbhm the Severer (level 10, -16/151 HPs)
             Began as a Minotaur Fighter on Feb 9, 2021.
             Was a High Priest of Trog.
             Killed from afar by a Hell Sentinel (47 damage)
             ... with an iron shot
             ... in the Dungeon (Sprint VII: "The Pits").
             The game lasted 00:03:03 (1572 turns).

mhtbhm the Severer (Minotaur Fighter)               Turns: 1572, Time: 00:03:04

Health: -16/151    AC: 21    Str: 25    XL:     10   Next: 69%
Magic:  9/9        EV: 10    Int:  8    God:    Trog [*****.]
Gold:   0          SH: 13    Dex:  9    Spells: 9/9 levels left

rFire    . . .     SeeInvis .   a - +2 broad axe (flame)
rCold    . . .     Faith    .   c - +0 kite shield
rNeg     . . .     Spirit   .   b - +4 chain mail
rPois    .         Reflect  .   (helmet restricted)
rElec    .         Harm     .   p - +0 cloak
rCorr    .         Rampage  .   (no gloves)
Will     .....     NoTele   +   (no boots)
Stlth    ..........             (no amulet)
HPRegen  0.35/turn              n - +3 ring of intelligence
MPRegen  0.11/turn              o - +3 ring of protection

@: berserking (expiring), very quick
A: retaliatory headbutt, horns 2
a: Renounce Religion, Berserk, Trog's Hand, Brothers in Arms


You were in the Dungeon.
You worshipped Trog.
Trog was extremely pleased with you.
You visited 1 branch

Inventory:

Hand Weapons
 a - a +2 broad axe of flaming (weapon)
 q - a +6 antimagic broad axe
 r - a +5 executioner's axe
Armour
 b - a +4 chain mail (worn)
 c - a +0 kite shield (worn)
 p - a +0 cloak (worn)
Jewellery
 n - a +3 ring of intelligence (left hand)
 o - a +3 ring of protection (right hand)
Scrolls
 j - a scroll of blinking
 l - 3 scrolls of remove curse
 m - a scroll of summoning
Potions
 d - 2 potions of might
 e - 7 potions of curing
 f - 12 potions of heal wounds
 g - a potion of haste
 h - 4 potions of magic
 i - 4 potions of berserk rage
 k - 2 potions of invisibility


   Skills:
 + Level 13.4 Fighting
 + Level 17.8 Axes
 + Level 13.5 Armour
 + Level 6.1 Dodging
 + Level 0.2 Stealth
 + Level 14.1 Shields


You had 9 spell levels left.
You didn't know any spells.
Your spell library was empty.

Dungeon Overview and Level Annotations

Branches:
Dungeon (1/1)

Altars:
Ashenzari
Cheibriados
Dithmenos
Elyvilon
Fedhas
Gozag
Hepliaklqana
Kikubaaqudgha
Makhleb
Nemelex Xobeh
Okawaru
Qazlal
Ru
Sif Muna
Trog
Uskayaw
Vehumet
Wu Jian
Xom
Yredelemnul
Zin
The Shining One
Beogh
Jiyva
Lugonu


Innate Abilities, Weirdness & Mutations

You reflexively headbutt those who attack you in melee.
You have a pair of horns on your head.


Message History

The Hell Sentinel is lightly wounded.
The Hell Sentinel gestures at you.
The sphere of damnation explodes!
The damnation engulfs you!!
The damnation engulfs the Hell Sentinel.
The Hell Sentinel completely resists.
You slash the Hell Sentinel!
The Hell Sentinel is lightly wounded.
You hit the Hell Sentinel but do no damage.
The Hell Sentinel is lightly wounded.
The Hell Sentinel hits you!!
* * * LOW HITPOINT WARNING * * *
You block the Hell Sentinel's attack.
You slice the Hell Sentinel!! You headbutt the Hell Sentinel!
The Hell Sentinel is moderately wounded.
You barely miss the Hell Sentinel.
You headbutt the Hell Sentinel, but do no damage.
The Hell Sentinel is moderately wounded.
The Hell Sentinel gestures at you. The iron shot hits you!!!
You die...

#+# #.# #1#
################@#
.....รท)..........#
.....))).........#
+##############[.#
#..# #..# #..# #..#
#..#


You could see a Hell Sentinel.

Vanquished Creatures
  A black draconian (D)
  A naga sharpshooter (D)
  A deep elf knight (D)
  A deep troll (D)
  A black mamba (D)
  An elephant (D)
  A cane toad (D)
  A gargoyle (D)
  A molten gargoyle (D)
  A naga mage (D)
  A rime drake (D)
  A kobold demonologist (D)
  A tyrant leech (D)
  A snapping turtle (D)
  A shadow (D)
  A fire bat (D)
  A basilisk (D)
  2 nagas (D)
  A warg (D)
  A floating eye (D)
  3 black bears (D)
  A necrophage (D)
  A crimson imp (D)
  An iron imp (D)
  Jessica (D)
  A mummy (D)
  An adder (D)
  An ufetubus (D)
  A leopard gecko (D)
  2 orcs (D)
  A ball python (D)
  A giant cockroach (D)
  A hobgoblin (D)
  3 jackals (D)
  2 quokkas (D)
42 creatures vanquished.

Notes
Turn   | Place    | Note
-------+----------+-------------------------------------------
     0 | D        | mhtbhm the Minotaur Fighter began the quest for the Orb.
     0 | D        | Reached XP level 1. HP: 19/19 MP: 0/0
    19 | D        | Found a bloodstained altar of Trog.
    19 | D        | Found a shimmering blue altar of Sif Muna.
    19 | D        | Found a viscous altar of Jiyva.
    19 | D        | Found a hazy altar of Hepliaklqana.
    19 | D        | Found an opulent altar of Gozag.
    20 | D        | Found a glowing golden altar of the Shining One.
    20 | D        | Found a glowing silver altar of Zin.
    20 | D        | Found a basalt altar of Yredelemnul.
    20 | D        | Found a shimmering altar of Xom.
    20 | D        | Found an ornate altar of the Wu Jian Council.
    20 | D        | Found a sacrificial altar of Ru.
    20 | D        | Found a stormy altar of Qazlal.
    20 | D        | Found an iron altar of Okawaru.
    20 | D        | Found a sparkling altar of Nemelex Xobeh.
    20 | D        | Found a burning altar of Makhleb.
    20 | D        | Found a blossoming altar of Fedhas.
    20 | D        | Found a white marble altar of Elyvilon.
    20 | D        | Found a shadowy altar of Dithmenos.
    20 | D        | Found a snail-covered altar of Cheibriados.
    22 | D        | Found a radiant altar of Vehumet.
    22 | D        | Found a corrupted altar of Lugonu.
    22 | D        | Found a roughly hewn altar of Beogh.
    24 | D        | Became a worshipper of Trog the Wrathful
    71 | D        | Reached XP level 2. HP: 21/28 MP: 1/1
    73 | D        | Reached * piety under Trog
   207 | D        | Reached skill level 5 in Fighting
   207 | D        | Reached ** piety under Trog
   208 | D        | Reached skill level 3 in Axes
   208 | D        | Reached skill level 5 in Armour
   212 | D        | Reached skill level 5 in Shields
   214 | D        | Noticed a black bear
   214 | D        | Noticed a floating eye
   218 | D        | Killed a floating eye
   219 | D        | Reached skill level 4 in Axes
   219 | D        | Reached XP level 3. HP: 28/39 MP: 2/2
   219 | D        | Reached XP level 4. HP: 34/47 MP: 3/3
   221 | D        | Killed a black bear
   221 | D        | Reached *** piety under Trog
   222 | D        | Reached skill level 6 in Axes
   222 | D        | Reached XP level 5. HP: 39/53 MP: 4/4
   283 | D        | Noticed Jessica
   285 | D        | Noticed a fire bat
   289 | D        | Killed Jessica
   292 | D        | Reached **** piety under Trog
   295 | D        | Killed a fire bat
   296 | D        | Reached skill level 7 in Axes
   296 | D        | Reached XP level 6. HP: 48/64 MP: 5/5
   298 | D        | Reached skill level 8 in Axes
   417 | D        | Reached ***** piety under Trog
   418 | D        | Reached XP level 7. HP: 59/71 MP: 6/6
   471 | D        | Noticed a basilisk
   485 | D        | Killed a basilisk
   486 | D        | Reached skill level 10 in Fighting
   486 | D        | Reached skill level 9 in Axes
   486 | D        | Reached skill level 10 in Armour
   498 | D        | Received a gift from Trog
   503 | D        | Reached skill level 5 in Dodging
   503 | D        | Reached skill level 10 in Shields
   509 | D        | Reached skill level 10 in Axes
   653 | D        | Noticed a snapping turtle
   653 | D        | Noticed a kobold demonologist
   660 | D        | Killed a kobold demonologist
   661 | D        | Reached skill level 11 in Axes
   661 | D        | Reached XP level 8. HP: 81/81 MP: 2/7
   668 | D        | Killed a snapping turtle
   668 | D        | Received a gift from Trog
   674 | D        | Got an ancient hand axe {god gift}
   675 | D        | Identified the +7 hand axe of Moderation {vorpal, +Inv rC+
                  | Str-5} (Trog gifted it to you in the Dungeon)
   877 | D        | Found a hide-covered altar of Uskayaw.
   877 | D        | Found an ancient bone altar of Kikubaaqudgha.
   877 | D        | Found a broken altar of Ashenzari.
   905 | D        | Noticed a deep elf knight
   911 | D        | Reached skill level 12 in Axes
   916 | D        | Killed a deep elf knight
   917 | D        | Reached skill level 13 in Axes
   917 | D        | Reached XP level 9. HP: 89/89 MP: 2/8
   959 | D        | Noticed a cane toad
   959 | D        | Noticed a black draconian
   959 | D        | Noticed a molten gargoyle
   968 | D        | Killed a black draconian
   969 | D        | Reached skill level 14 in Axes
   970 | D        | Killed a molten gargoyle
   974 | D        | Killed a cane toad
   975 | D        | Reached skill level 15 in Axes
  1080 | D        | Noticed a tyrant leech
  1084 | D        | Noticed a gargoyle
  1090 | D        | Killed a tyrant leech
  1090 | D        | Received a gift from Trog
  1093 | D        | Killed a gargoyle
  1094 | D        | Reached XP level 10. HP: 88/99 MP: 3/9
  1112 | D        | Noticed a naga sharpshooter
  1113 | D        | Noticed a naga mage
  1113 | D        | Noticed an elephant
  1128 | D        | Reached skill level 16 in Axes
  1128 | D        | Killed a naga sharpshooter
  1129 | D        | Killed an elephant
  1131 | D        | Killed a naga mage
  1131 | D        | Received a gift from Trog
  1132 | D        | Reached skill level 17 in Axes
  1498 | D        | Noticed a deep troll
  1498 | D        | Noticed a black mamba
  1504 | D        | Killed a deep troll
  1506 | D        | Killed a black mamba
  1565 | D        | Noticed a Hell Sentinel
  1572 | D        | Killed from afar by a Hell Sentinel

Illustrated notes

Levels and vault maps discovered:
D:        pitsprint [storerooms_1, entrance_room_1, metal_vault_5, armoury_1,
          mini_pit_1, grid_room_1, main_hall_1, silver_pit, the_coven_3,
          the_vestibule_1, steel_vault_3, golden_pit, hallway_of_sentries,
          crystal_vault_4, iron_vault_1, final_vault]

Skill      XL: |  1  2  3  4  5  6  7  8  9 10 |
---------------+-------------------------------+-----
Fighting       | 4 7 8 9 10 11 12 13 | 13.4
Armour         | 4 7 8 9 10 11 12 13 | 13.5
Shields        | 4 6 7 9 10 12 13 14 | 14.1
Axes           | 4 6 7 8 11 13 15 17 | 17.8
Dodging        | 2 3 4 5 6 |  6.1
Stealth        | |  0.2

Action                   |  1- 3 |  4- 6 |  7- 9 | 10-12 || total
-------------------------+-------+-------+-------+-------++-------
Melee: Hand axe          |    22 |    20 |    19 |       ||    61
       Headbutt          |     3 |     2 |     6 |     5 ||    16
       War axe           |     1 |       |       |       ||     1
       Broad axe         |       |       |    40 |    23 ||    63
Invok: Berserk           |       |     1 |     3 |     3 ||     7
  Use: Potion            |       |       |       |     1 ||     1
Armor: Scale mail        |    13 |     4 |       |       ||    17
       Plate armour      |       |    17 |     6 |       ||    23
       Chain mail        |       |       |     4 |    15 ||    19
Dodge: Dodged            |     5 |    11 |    11 |     9 ||    36
Block: Kite shield       |    16 |    25 |    25 |    20 ||    86

Table legend: (Time is in decaauts)
 A = Elapsed time spent in this place.
 B = Non-inter-level travel time spent in this place.
 C = Inter-level travel time spent in this place.
 D = Time resting spent in this place.
 E = Time spent auto-exploring this place.
 F = Levels seen in this place.
 G = Mean time per level.
                   A        B        C        D        E       F      G
               +--------+--------+--------+--------+--------+-----+--------+
         Total |   1631 |   1614 |     17 |   1000 |    150 |   1 | 1631.0 |
       Dungeon |   1631 |   1614 |     17 |   1000 |    150 |   1 | 1631.0 |
               +--------+--------+--------+--------+--------+-----+--------+

Top non-repeatable levels by time:
       D: 1631 daAuts
